 Dungeon Crawl Stone Soup version 0.30-a0-1163-gf69bf04e7a (webtiles) character file.

Game seed: 2824317909784631504

939 Jase the Shield-Bearer (level 8, 0/62 HPs)
             Began as a Formicid Fighter on Apr 28, 2023.
             Was a High Priest of Uskayaw.
             Slain by an orc wizard
             ... wielding a +0 dagger
              (4 damage)
             ... on level 5 of the Dungeon.
             The game lasted 00:06:45 (3479 turns).

Jase the Shield-Bearer (Formicid Fighter)           Turns: 3479, Time: 00:06:46

Health: 0/62       AC:  8    Str: 23    XL:     8   Next: 34%
Magic:  7/10       EV:  9    Int:  8    God:    Uskayaw [*****.]
Gold:   334        SH:  5    Dex: 13    Spells: 7/7 levels left

rFire   . . .        a - +0 war axe
rCold   . . .        c - +0 buckler
rNeg    . . .        b - +0 scale mail
rPois   .            (helmet unavailable)
rElec   .            (no cloak)
rCorr   .            g - +0 pair of gloves
SInv    +            (no boots)
Will    .....        w - amulet of faith Stlth
                     (no ring)
HPRegen 0.30/turn    (no ring)
MPRegen 0.12/turn

%: faith
@: no status effects
A: permanent stasis, dig shafts and tunnels, antennae 3, four strong arms
a: Dig, Shaft Self, Renounce Religion, Stomp, Line Pass, Grand Finale


You were on level 5 of the Dungeon.
You worshipped Uskayaw.
Uskayaw was noncommittal.
You visited 1 branch of the dungeon, and saw 5 of its levels.

You collected 334 gold pieces.

Inventory:

Hand Weapons
 a - a +0 war axe (weapon)
Missiles
 e - 29 stones
 t - 5 poisoned darts
Armour
 b - a +0 scale mail (worn)
 c - a +0 buckler (worn)
 g - a +0 pair of gloves (worn)
Jewellery
 w - an amulet of faith (around neck)
Scrolls
 f - 6 scrolls of identify {unknown}
 j - a scroll of torment {unknown}
 m - a scroll of silence {unknown}
 n - a scroll of immolation {unknown}
 o - a scroll of fog {unknown}
 p - a scroll of magic mapping {unknown}
 r - a scroll of teleportation {unknown}
 u - 3 scrolls of noise {unknown}
 v - a scroll of enchant armour {unknown}
 x - 2 scrolls of poison {unknown}
Potions
 h - 3 potions of haste {unknown}
 i - a potion of mutation {unknown}
 k - 4 potions of curing {unknown}
 l - 3 potions of flight {unknown}
 q - 2 potions of lignification {unknown}
 s - 3 potions of attraction {unknown}
 z - a potion of degeneration {unknown}
 A - 2 potions of heal wounds {unknown}


   Skills:
 + Level 5.3 Fighting
 + Level 5.1 Axes
 + Level 5.3 Armour
 + Level 6.5 Shields
 + Level 3.8 Invocations


You had 7 spell levels left.
You didn't know any spells.
Your spell library contained the following spells:

 Spells                   Type           Power      Damage    Failure   Level
 Apportation              Tloc           0%         N/A       77%         1
 Necrotise                Necr           0%         1d4       77%         1
 Summon Small Mammal      Summ           0%         N/A       77%         1
 Call Canine Familiar     Summ           0%         N/A       98%         3
 Portal Projectile        Hex/Tloc       0%         N/A       98%         3
 Leda's Liquefaction      Hex/Erth       0%         N/A       100%        4


Dungeon Overview and Level Annotations

Branches:
Dungeon (5/15)             Temple (0/1) D:4

Altars:
Gozag
Uskayaw
The Shining One


Innate Abilities, Weirdness & Mutations

You cannot be hasted, slowed, berserked, paralysed or teleported.
You can dig through walls and to a lower floor.
You have a pair of large antennae on your head. (SInv)
Your four strong arms can wield two-handed weapons with a shield.


Message History

Unknown command.
Aiming: Line Pass
Press: ? - help, Dir - move target The orc appears confused.
The adder appears confused.
The orc wizard appears confused.
The orc appears confused.
Found 3 poisoned darts.
You can no longer merge with and destroy a victim.
The adder barely misses the orc wizard.
Unknown command.
You slash the orc!
You kill the orc!
The adder closely misses the orc wizard.
The orc wizard hits the adder but does no damage.
You strike the helpless orc wizard from behind!
You slash the orc wizard!
The orc wizard is almost dead.
The orc seems less confused.
The orc wizard seems less confused.
The adder seems less confused.
The orc wizard barely misses you.
You can now merge with and destroy a victim.
You closely miss the orc wizard.
The orc wizard is almost dead.
You feel a little less mighty now. You block the orc wizard's attack.
You hit the orc wizard but do no damage.
The orc wizard is almost dead.
The orc wizard casts a spell at you. The magic dart hits you.
* * * LOW HITPOINT WARNING * * *
Uskayaw links your audience in an emotional bond!
You closely miss the orc wizard.
The orc wizard is almost dead.
You block the orc wizard's attack.
You barely miss the orc.
The orc wizard is no longer sharing its pain.
You slash the adder!
You kill the orc!
You kill the adder!
You miss the orc wizard.
The orc wizard is almost dead.
The orc wizard hits you with a +0 dagger.
You die...

# ..... . # #.#..#. #
###...... # ........#
######### .........
#........ ........# #
#........
.......)#[######........
...(...@o..)..##........
.......)#####...........
####### ........#
###......... ......#
........# #.........
..=...# ........#
#......... ......+
........# #.........
......## ........#
##........ .......#
....##### ####........
...<...# #...........


You could see an orc wizard (invisible).

Vanquished Creatures
  Pikel (D:5)
  Sigmund (D:2)
  An ice beast (D:4)
  A lemure (D:5)
  2 hounds (D:5)
  Jessica (D:2)
  2 orc wizards (D:5)
  8 adders
  A worm (D:2)
  2 dart slugs
  9 orcs
  5 ball pythons
  3 endoplasms
  6 giant cockroaches
  2 goblins (D:1)
  4 hobgoblins
  6 jackals
  6 kobolds
  5 quokkas
  3 bats
  4 frilled lizards
  3 rats
76 creatures vanquished.

Notes
Turn   | Place    | Note
-------+----------+-------------------------------------------
     0 | D:1      | Jase the Formicid Fighter began the quest for the Orb.
     0 | D:1      | Reached XP level 1. HP: 18/18 MP: 1/1
    61 | D:1      | Reached XP level 2. HP: 19/24 MP: 2/2
   276 | D:1      | Reached XP level 3. HP: 29/29 MP: 3/3
   949 | D:2      | Noticed Jessica
   953 | D:2      | Reached XP level 4. HP: 21/37 MP: 4/4
   983 | D:2      | Killed Jessica
  1175 | D:2      | Found a hide-covered altar of Uskayaw.
  1190 | D:2      | Became a worshipper of Uskayaw the Reveller
  1234 | D:2      | Noticed Sigmund
  1236 | D:2      | Reached * piety under Uskayaw
  1239 | D:2      | Reached ** piety under Uskayaw
  1248 | D:2      | Killed Sigmund
  1249 | D:2      | Reached skill level 5 in Shields
  1249 | D:2      | Reached skill level 1 in Invocations
  1249 | D:2      | Reached XP level 5. HP: 16/42 MP: 4/6
  1249 | D:2      | Reached XP level 6. HP: 18/48 MP: 4/7
  1890 | D:3      | Identified the +6 spear "Totwiet" {venom, +Blink Int+2}
  2239 | D:3      | Found an opulent altar of Gozag.
  2913 | D:4      | Found a glowing golden altar of the Shining One.
  3064 | D:4      | Found a staircase to the Ecumenical Temple.
  3163 | D:5      | Entered Level 5 of the Dungeon
  3163 | D:5      | Noticed an ice beast
  3163 | D:5      | Noticed a black bear
  3170 | D:4      | Killed an ice beast
  3170 | D:4      | Reached *** piety under Uskayaw
  3171 | D:4      | Reached XP level 7. HP: 47/55 MP: 8/8
  3365 | D:5      | Reached **** piety under Uskayaw
  3450 | D:5      | Noticed Pikel
  3468 | D:5      | Reached ***** piety under Uskayaw
  3469 | D:5      | Killed Pikel
  3470 | D:5      | Reached skill level 5 in Fighting
  3470 | D:5      | Reached skill level 5 in Axes
  3470 | D:5      | Reached skill level 5 in Armour
  3470 | D:5      | Reached skill level 6 in Shields
  3470 | D:5      | Reached XP level 8. HP: 11/62 MP: 10/10
  3475 | D:5      | HP: 2/62 [orc wizard/magic dart (4)]
  3479 | D:5      | Slain by an orc wizard

Illustrated notes

Levels and vault maps discovered:
D:1:      minmay_arrival_glassed_features, layout_basic,
          chequers_serial_rivers_micro_d
D:2:      layout_basic, basic_altar, bh_walls_and_bars, uniq_jessica,
          uniq_sigmund
D:3:      layout_loops_ring, grunt_gozag_statues
D:4:      layout_gridville, kennysheep_little_box, minmay_temple_entry_tees,
          hangedman_glass_teeth
D:5:      layout_basic, uniq_crazy_yiuf_cottage, uniq_pikel

Skill      XL: |  1  2  3  4  5  6  7 |
---------------+----------------------+-----
Axes           | 4 5 |  5.1
Fighting       | 4 5 |  5.3
Armour         | 4 5 |  5.3
Shields        | 5 6 |  6.5
Invocations    | 1 2 3 |  3.8

Action                     |  1- 3 |  4- 6 |  7- 9 || total
---------------------------+-------+-------+-------++-------
  Melee: War axe           |    70 |   126 |    54 ||   250
 Invoke: Line Pass         |       |       |     1 ||     1
    Use: Potion            |       |       |     1 ||     1
   Stab: Paralysed         |       |       |     4 ||     4
         Confused          |       |       |     1 ||     1
 Armour: Scale mail        |    34 |    53 |    14 ||   101
  Dodge: Dodged            |    31 |    41 |    18 ||    90
  Block: Buckler           |    18 |    40 |    13 ||    71

Table legend: (Time is in decaauts)
 A = Elapsed time spent in this place.
 B = Non-inter-level travel time spent in this place.
 C = Inter-level travel time spent in this place.
 D = Time resting spent in this place.
 E = Time spent auto-exploring this place.
 F = Levels seen in this place.
 G = Mean time per level.
                   A        B        C        D        E       F      G
               +--------+--------+--------+--------+--------+-----+--------+
         Total |   3563 |   3459 |    104 |    202 |   2573 |   5 |  712.6 |
       Dungeon |   3563 |   3459 |    104 |    202 |   2573 |   5 |  712.6 |
               +--------+--------+--------+--------+--------+-----+--------+

Top non-repeatable levels by time:
     D:2: 1156 daAuts
     D:3: 834 daAuts
     D:1: 707 daAuts
     D:4: 567 daAuts
     D:5: 297 daAuts
